 Dungeon Crawl Stone Soup version 0.29.1-2-gbd0b4ee654 (webtiles) character file.

Game seed: 10908454190763004066

8 McKennaii the Conjurer (level 1, -1/14 HPs)
             Began as a Demigod Conjurer on Nov 20, 2022.
             Slain by a rat (2 damage)
             ... on level 1 of the Dungeon.
             The game lasted 00:00:14 (210 turns).

McKennaii the Conjurer (Demigod Conjurer)            Turns: 210, Time: 00:00:14

Health: -1/14      AC:  2    Str:  8    XL:     1   Next: 80%
Magic:  0/5        EV: 12    Int: 20    God:
Gold:   13         SH:  0    Dex: 12    Spells: 2/3 levels left

rFire   . . .      SeeInvis .   (no weapon)
rCold   . . .      Faith    .   (no shield)
rNeg    . . .      Spirit   .   a - +0 robe
rPois   .          Reflect  .   (no helmet)
rElec   .          Harm     .   (no cloak)
rCorr   .          Rampage  .   (no gloves)
Will    .....                   (no boots)
Stlth   ++........              (no amulet)
HPRegen 0.04/turn               (no ring)
MPRegen 0.09/turn               (no ring)

@: no status effects
A: high MP 1, forlorn, divine attributes
a: no special abilities


You were on level 1 of the Dungeon.
You visited 1 branch of the dungeon, and saw 1 of its levels.

You collected 13 gold pieces.

Inventory:

Armour
 a - a +0 robe (worn)
Scrolls
 d - a scroll of poison {unknown}
Potions
 b - a potion of magic
 c - a potion of degeneration {unknown}
 e - a potion of heal wounds {unknown}


   Skills:
 + Level 2.0 Dodging
 + Level 2.0 Stealth
 + Level 1.9 Spellcasting
 + Level 3.7 Conjurations


You had 2 spell levels left.
You knew the following spells:

 Your Spells              Type           Power      Damage    Failure   Level
a - Magic Dart            Conj           64%        1d6       3%          1

Your spell library contained the following spells:

 Spells                   Type           Power      Damage    Failure   Level
 Searing Ray              Conj           32%        2d5       5%          2
 Dazzling Flash           Conj/Hex       18%        N/A       22%         3
 Fulminant Prism          Conj/Hex       4%         3d6       58%         4
 Iskenderun's Mystic Bla  Conj/Tloc      9%         2d4       58%         4


Dungeon Overview and Level Annotations

Branches:
Dungeon (1/15)


Innate Abilities, Weirdness & Mutations

You have an increased reservoir of magic. (+10% MP)
You shall have no god before yourself.
Your divine heritage dramatically boosts your attributes as you level up.


Message History

The magic dart hits the rat.
You kill the rat!
Your Dodging skill increases to level 2!
Found a scroll labelled JUIWYI FUPYEQI.
You are out of magic!
A rat is nearby!
You are out of magic!
A rat is nearby!
You are out of magic!
You hit the rat.
The rat is moderately wounded.
The rat closely misses you.
You are out of magic!
You hit the rat but do no damage.
The rat is moderately wounded.
The rat closely misses you.
You are out of magic!
You closely miss the rat.
The rat is moderately wounded.
The rat completely misses you.
You hit the rat.
The rat is severely wounded.
The rat bites you.
You are out of magic!
You barely miss the rat.
The rat is severely wounded.
The rat bites you.
The magic dart hits the rat but does no damage.
The rat is severely wounded.
The rat bites you.
You are too injured to fight recklessly!
You are too injured to fight recklessly!
You are too injured to fight recklessly!
You are too injured to fight recklessly!
The rat attacks as you move away! The rat bites you.
* * * LOW HITPOINT WARNING * * *
The rat attacks as you move away! The rat bites you.
* * * LOW HITPOINT WARNING * * *
The rat attacks as you move away! The rat bites you.
You die...

#....# #.......#### #....#
#..........## #....#
#...........## #########....#
#...........# .......##....#
#..........# .......#.....##
#†........?#
...........†..####..........#
#'#.#...........##......?...#
#.#############.@r.........##
#.#..## #............#
#.#.#.# ##.#..........#
...#..# #............#
....#### ##...........#
.<.....+ #...........#
....#### ##..?....... ...#..#
.......... #.#.#.# .....


You could see a rat.

Vanquished Creatures
  2 endoplasms (D:1)
  A goblin (D:1)
  A hobgoblin (D:1)
  A bat (D:1)
  A kobold (D:1)
  2 rats (D:1)
8 creatures vanquished.

Notes
Turn   | Place    | Note
-------+----------+-------------------------------------------
     0 | D:1      | McKennaii the Demigod Conjurer began the quest for the Orb.
     0 | D:1      | Reached XP level 1. HP: 14/14 MP: 5/5
   210 | D:1      | Slain by a rat

Illustrated notes

Levels and vault maps discovered:
D:1:      nzn_arrival_crosshair, layout_rooms, serial_bayou_crossing

Skill      XL: |  1 |
---------------+----+-----
Stealth        | 2 |  2.0
Dodging        | 2 |  2.0
Spellcasting   | |  1.9
Conjurations   | |  3.7

Action                   || total
-------------------------++-------
Melee: Unarmed           ||    10
 Cast: Magic Dart        ||    14
Armor: Robe              ||     2
Dodge: Dodged            ||     6
